 Dungeon Crawl Stone Soup version bcrawl-1.15-1-g696c4cd (webtiles) character file.

Game seed: 4793694721538173604

5734 MoeSzyslak the Cleaver (level 10, -9/88 HPs)
             Began as a Minotaur Berserker on Sept 22, 2019.
             Was a High Priest of Trog.
             Killed from afar by Psyche (26 damage)
             ... with a poison arrow
             ... on level 8 of the Dungeon.
             The game lasted 00:14:29 (7774 turns).

MoeSzyslak the Cleaver (Minotaur Berserker)         Turns: 7774, Time: 00:14:30

Health: -9/88      AC:  0    Str: 24    XL:     10   Next: 48%
Magic:  9/9        EV: 14    Int:  5    God:    Trog [*****.]
Gold:   555        SH:  3    Dex: 10    Spells: 9/9 levels left

rFire    . . .     SeeInvis .   (weapon currently unavailable)
rCold    . . .     Gourm    .   (shield currently unavailable)
rNeg     . . .     Faith    .   (armour currently unavailable)
rPois    .         Spirit   .   (helmet currently unavailable)
rElec    .         Reflect  +   (cloak currently unavailable)
rCorr    .         Harm     .   (gloves currently unavailable)
MR       ++...                  (boots currently unavailable)
Stlth    +.........             n - +3 amulet of reflection
HPRegen  1.24/turn              (ring currently unavailable)
MPRegen  0.11/turn              (ring currently unavailable)

@: lethally poisoned (-9 -> -15), pig-form, regenerating, very quick
A: small, (retaliatory headbutt)
a: Berserk, Trog's Hand, Brothers in Arms, Renounce Religion


You were on level 8 of the Dungeon.
You worshipped Trog.
Trog was extremely pleased with you.
You were very hungry.
You were a filthy swine.
You visited 1 branch of the dungeon, and saw 8 of its levels.

You collected 555 gold pieces.

Inventory:

Hand Weapons
 a - a +0 hand axe (melded)
 s - a +2 shortbow of freezing
 I - a +0 hunting sling of flaming
Missiles
 p - 646 sling bullets
 t - 501 arrows
 C - 201 tomahawks (quivered)
Armour
 f - a +2 ring mail of cold resistance
 v - a +0 troll leather armour
 y - a +0 plate armour (melded)
 H - a +0 cloak (melded)
Magical Staves
 E - an uncursed staff of wizardry {unknown}
Jewellery
 i - a ring of magical power (melded)
 n - a +3 amulet of reflection (around neck)
 w - an uncursed amulet of the gourmand
 K - a ring of positive energy (melded)
Wands
 F - a wand of iceblast (6)
 J - a wand of flame (14)
Scrolls
 d - 5 scrolls of identify
 e - 4 scrolls of remove curse
 g - a scroll of fear {unknown}
 l - 7 scrolls of teleportation
 o - 2 scrolls of immolation {unknown}
 D - a scroll of fog {unknown}
 G - 2 scrolls of enchant armour {unknown}
Potions
 b - a potion of might {unknown}
 h - 2 potions of curing {unknown}
 j - 2 potions of brilliance {unknown}
 k - a potion of flight {unknown}
 m - 5 potions of agility
 q - 2 potions of lignification {unknown}
 r - 3 potions of haste {unknown}
 u - 2 potions of heal wounds {unknown}
 z - a potion of degeneration {unknown}
 A - 2 potions of cancellation {unknown}
Comestibles
 c - 9 rations {!d}


   Skills:
 * Level 7.7 Fighting
 - Level 14.0 Axes
 + Level 10.6 Armour
 - Level 2.1 Dodging


You had 9 spell levels left.
You didn't know any spells.
Your spell library was empty.

Dungeon Overview and Level Annotations

Branches:
Dungeon (8/12)             Temple (0/1) D:4
   Lair: D:7-9          Orc: D:8-11

Altars:
Elyvilon
The Shining One

Annotations:
D:8 Psyche


Innate Abilities, Weirdness & Mutations

((You reflexively headbutt those who attack you in melee.))
((You have a pair of horns on your head.))


Message History

You feel sick.
Psyche casts a spell.
Psyche looks slightly unstable.
You completely miss Psyche.
Psyche is almost dead.
You feel sick. Psyche barely misses you.
Psyche hits you with a +4 dagger of distortion.
* * * LOW HITPOINT WARNING * * *
You blink.
Your skin crawls.
You feel resistant to hostile enchantments.
You are feeling very hungry.
You feel sick.
Psyche begins to cast a cantrip, but forgets the words!
You feel sick.
You feel sick.
Psyche disappears!
Psyche reappears nearby!
Psyche gestures at you while chanting. The poison arrow hits you!
You are more poisoned.
You die...

#.....÷.##.....###.###...........
#......#........#...#...........#
##..#.##......................##.
......(........[...#.#..........)
..#..................#.....##....
...#...........#####.......####..
#.##....#......## ###...####...#
...#.##.#.......#######.###.[...#
#.............§.h.....#..........
#.......#................#..###..
.....#.####............[##.......
#....######..........@.###.......
###....................###.......
##..#.........#.......#........
#...#........##....[.<.....[...
#.....##.###.###.#..#..........
#.....#...########.###.........


You could see Psyche.

Vanquished Creatures
  A two-headed ogre (D:8)
  Joseph (D:7)
  3 trolls
  Prince Ribbit (D:5)
  2 hippogriffs
  A spriggan (shapeshifter) (D:8)
  A wyvern (D:8)
  A steam dragon (D:7)
  Duvessa (D:7)
  2 orc warriors
  A phantom (D:5)
  An ice beast (D:6)
  3 sky beasts
  2 ogres (D:7)
  2 centaurs
  7 bullfrogs
  A big kobold (D:8)
  A crocodile (D:5)
  Dowan (D:7)
  2 scorpions
  4 wights (D:6)
  2 centaur zombies
  2 crimson imps (D:8)
  3 centaur skeletons
  A bullfrog skeleton (D:4)
  A hound (D:5)
  5 orc priests
  An orc wizard (D:4)
  2 iguanas
  4 worker ants
  A killer bee zombie (D:7)
  A hound zombie (D:4)
  2 hound skeletons
  A worker ant zombie (D:7)
  12 adders
  2 shadow imps
  5 oozes
  An adder skeleton (D:3)
  3 worms
  A dart slug (D:3)
  8 leopard geckos
  13 orcs
  5 bats
  3 giant cockroaches
  2 goblins
  9 hobgoblins
  10 jackals
  4 quokkas
  4 frilled lizards
  13 kobolds
  A quokka zombie (D:5)
  7 rats
168 creatures vanquished.

Notes
Turn   | Place    | Note
-------+----------+-------------------------------------------
     0 | D:1      | MoeSzyslak the Minotaur Berserker began the quest for the
                  | Orb.
     0 | D:1      | Reached XP level 1. HP: 19/19 MP: 0/0
    49 | D:1      | Reached skill level 4 in Axes
   121 | D:1      | Reached XP level 2. HP: 25/26 MP: 1/1
   444 | D:1      | Reached ** piety under Trog
   449 | D:1      | Reached skill level 5 in Axes
   459 | D:1      | Reached XP level 3. HP: 31/31 MP: 2/2
  1204 | D:2      | Reached XP level 4. HP: 39/39 MP: 3/3
  1289 | D:3      | Reached skill level 6 in Axes
  1599 | D:3      | Reached *** piety under Trog
  1714 | D:3      | Reached skill level 7 in Axes
  1714 | D:3      | Reached XP level 5. HP: 45/45 MP: 4/4
  1815 | D:3      | Noticed a sky beast
  1823 | D:3      | Killed a sky beast
  1823 | D:3      | Reached skill level 8 in Axes
  1823 | D:3      | Reached XP level 6. HP: 43/51 MP: 5/5
  1952 | D:3      | Reached skill level 9 in Axes
  2594 | D:4      | Noticed a sky beast
  2607 | D:4      | Killed a sky beast
  2607 | D:4      | Reached XP level 7. HP: 32/57 MP: 6/6
  2802 | D:4      | Reached skill level 10 in Axes
  3261 | D:4      | Found a staircase to the Ecumenical Temple.
  3474 | D:5      | Entered Level 5 of the Dungeon
  3474 | D:5      | Noticed Prince Ribbit
  3484 | D:5      | Killed Prince Ribbit
  3484 | D:5      | Reached **** piety under Trog
  3484 | D:5      | Reached skill level 11 in Axes
  3592 | D:5      | Reached XP level 8. HP: 35/64 MP: 7/7
  4283 | D:5      | Noticed a troll
  4290 | D:5      | Killed a troll
  4290 | D:5      | Reached skill level 12 in Axes
  4684 | D:6      | Noticed a hippogriff
  4698 | D:6      | Killed a hippogriff
  4933 | D:6      | Reached skill level 5 in Armour
  5068 | D:6      | Reached skill level 13 in Axes
  5096 | D:6      | Reached XP level 9. HP: 62/70 MP: 8/8
  5428 | D:6      | Found a white marble altar of Elyvilon.
  5428 | D:6      | Found a glowing golden altar of the Shining One.
  5689 | D:7      | Noticed Duvessa
  5689 | D:7      | Noticed Dowan
  5696 | D:7      | Killed Duvessa
  5696 | D:7      | Reached skill level 14 in Axes
  5699 | D:7      | Killed Dowan
  5922 | D:7      | Noticed Joseph
  5929 | D:7      | Killed Joseph
  5945 | D:7      | Noticed a troll
  5955 | D:7      | Killed a troll
  6716 | D:8      | Noticed a troll
  6732 | D:8      | Killed a troll
  6732 | D:8      | Reached XP level 10. HP: 47/80 MP: 9/9
  6738 | D:8      | Reached ***** piety under Trog
  6746 | D:8      | Reached skill level 5 in Fighting
  6914 | D:8      | Reached skill level 10 in Armour
  7037 | D:8      | Noticed a two-headed ogre
  7045 | D:8      | Killed a two-headed ogre
  7191 | D:8      | Noticed Psyche
  7774 | D:8      | Killed from afar by Psyche

Skill      XL: |  1  2  3  4  5  6  7  8  9 10 |
---------------+-------------------------------+-----
Axes           | 4 5 7 8 9 11 13 14 | 14.0
Armour         | 5 9 10 | 10.6
Fighting       | 4 7 |  7.7
Dodging        | |  2.1

Action                   |  1- 3 |  4- 6 |  7- 9 | 10-12 || total
-------------------------+-------+-------+-------+-------++-------
Melee: Hand axe          |   105 |   115 |   278 |    83 ||   581
       Headbutt          |    11 |    24 |    78 |    18 ||   131
       Dagger            |       |       |    15 |       ||    15
       Unarmed           |       |       |       |    12 ||    12
Throw: Tomahawk          |       |       |     1 |       ||     1
Invok: Berserk           |       |       |     4 |       ||     4
       Trog's Hand       |       |       |       |     1 ||     1
  Use: Scroll            |       |       |       |     2 ||     2
  Eat: Chunk             |     1 |     4 |     9 |     4 ||    18
       Ration            |       |       |     2 |       ||     2
Armor: Chain mail        |    40 |    47 |    29 |       ||   116
       Animal skin       |     3 |       |       |       ||     3
       Plate armour      |       |       |    85 |    56 ||   141
       Ring mail         |       |       |     5 |       ||     5
       Skin              |       |       |       |     1 ||     1
Dodge: Dodged            |    46 |    44 |    82 |    31 ||   203
Block: Other             |       |       |    16 |    10 ||    26
       Reflection        |       |       |     1 |     1 ||     2
